 Dungeon Crawl Stone Soup version 0.17-a0-2093-gc772f4b (webtiles) character file.

82 Ohli the Covered (level 4, -1/40 HPs)
             Began as a Minotaur Fighter on Oct 16, 2015.
             Was a Follower of Nemelex Xobeh.
             Slain by a river rat (8 damage)
             ... on level 3 of the Dungeon.
             The game lasted 00:07:29 (1858 turns).

Ohli the Covered (Minotaur Fighter)                 Turns: 1858, Time: 00:07:29

Health: -1/40      AC:  7    Str: 22    XL:     4   Next: 21%
Magic:  12/12      EV:  7    Int:  5    God:    Nemelex Xobeh [*.....]
Gold:   160        SH:  9    Dex:  9    Spells: 0 memorised, 3 levels left

rFire  . . .     SeeInvis .     a - +0 war axe
rCold  . . .     Clarity  +     b - +0 scale mail
rNeg   . . .     SustAt   .     c - +0 shield
rPois  .         Gourm    .     (helmet restricted)
rElec  .         Spirit   .     (no cloak)
rCorr  .         Warding  .     (no gloves)
rMut   .         Rnd*Tele +     (no boots)
MR     .....                    w - amulet of clarity
Stlth  ..........               q - ring of magical power
                                k - ring of teleportation (curse)

@: not resistant to hostile enchantments, extremely unstealthy
A: retaliatory headbutt, horns 2
a: Renounce Religion, Evoke Teleportation


You were on level 3 of the Dungeon.
You worshipped Nemelex Xobeh.
Nemelex Xobeh was aware of your devotion.
You were not hungry.

You visited 1 branch of the dungeon, and saw 3 of its levels.

You collected 160 gold pieces.

Inventory:

Hand Weapons
 a - a +0 war axe (weapon)
Missiles
 p - 3 needles of sleeping
Armour
 b - a +0 scale mail (worn)
 c - a +0 shield (worn)
Jewellery
 k - a cursed ring of teleportation (left hand)
 q - a ring of magical power (right hand)
 w - an amulet of clarity (around neck)
Wands
 o - a wand of random effects (26)
Scrolls
 j - 2 scrolls of remove curse {unknown}
 u - a scroll of fear {unknown}
 v - a scroll of teleportation {unknown}
 x - a scroll of noise {unknown}
Potions
 d - a potion of might
 h - a potion of agility {unknown}
 i - a potion of curing {unknown}
 l - 2 potions of invisibility {unknown}
 m - a potion of haste {unknown}
 r - 2 potions of heal wounds {unknown}
 s - a potion of cancellation {unknown}
Miscellaneous
 g - a plain deck of escape
 n - a plain deck of destruction {drawn: 1}
 t - a plain deck of escape
Comestibles
 e - 4 bread rations
 f - 2 meat rations


   Skills:
 * Level 4.3 Fighting
 - Level 3.0 Axes
 * Level 4.4 Armour
 + Level 0.7 Dodging
 + Level 4.3 Shields
 * Level 0.1 Evocations


You had 3 spell levels left.
You didn't know any spells.

Dungeon Overview and Level Annotations

Branches:
Dungeon (3/15)

Altars:
Nemelex Xobeh
Qazlal

Portals:
Sewer: D:3


Innate Abilities, Weirdness & Mutations

You reflexively headbutt those who attack you in melee.
You have a pair of horns on your head.


Message History

Unknown command.
You closely miss the rat. You headbutt the rat.
You kill the rat!
You slash the rat!
You kill the rat!
You hit the river rat but do no damage.
The river rat is heavily wounded.
The river rat bites you. x2
You closely miss the river rat.
The river rat is heavily wounded.
The river rat bites you!
* * * LOW HITPOINT WARNING * * *
You closely miss the river rat. Your headbutt misses the river rat.
The river rat is heavily wounded.
You block the river rat's attack. x2
You closely miss the river rat. Your headbutt misses the river rat.
The river rat is heavily wounded.
The river rat bites you!
You die...
Your body glow% slightly and disappear%.

#.. ....#
....######
.........# #.
.........# ..
#.......## #.#
#........## #..
##.####@#..#
#.##.....r††..#
#....#####'#..#
##...#≈≈≈≈≈#..#
#...#≈≈∩≈≈#..#
#...#≈≈≈≈≈#..#
# #...#≈≈≈≈≈#
.# #.
#...####### ##
#.###'#......


You could see a river rat.

Vanquished Creatures
  2 adders (D:2)
  2 oozes (D:2)
  2 giant geckos (D:2)
  An orc (D:3)
  3 ball pythons
  8 bats
  2 giant cockroaches
  7 goblins
  6 hobgoblins
  4 kobolds
  A quokka (D:2)
  4 giant newts
  A quokka skeleton (D:3)
  14 rats
57 creatures vanquished.

Notes
Turn   | Place    | Note
--------------------------------------------------------------
     0 | D:1      | Ohli the Minotaur Fighter began the quest for the Orb.
     0 | D:1      | Reached XP level 1. HP: 19/19 MP: 0/0
    75 | D:1      | Found a sparkling altar of Nemelex Xobeh.
    79 | D:1      | Became a worshipper of Nemelex Xobeh the Trickster
   125 | D:1      | Received a gift from Nemelex Xobeh
   179 | D:1      | Reached XP level 2. HP: 24/27 MP: 1/1
   221 | D:1      | Reached skill level 4 in Armour
   725 | D:2      | Reached XP level 3. HP: 15/33 MP: 2/2
   956 | D:2      | Noticed Jessica
   958 | D:2      | Reached * piety under Nemelex Xobeh
   958 | D:2      | Received a gift from Nemelex Xobeh
   962 | D:2      | Noticed Jessica
   962 | D:2      | Jessica changed into Jessica the kobold
   968 | D:2      | Killed Jessica the kobold
  1578 | D:2      | Received a gift from Nemelex Xobeh
  1581 | D:2      | Reached XP level 4. HP: 40/40 MP: 3/3
  1708 | D:3      | Found a stormy altar of Qazlal.
  1842 | D:3      | Found a glowing drain.
  1858 | D:3      | Slain by a river rat

Vault maps used:
D:1:      matt_arrival_grand_opening, nemelex_diamond_rough_becter
D:2:      uniq_jessica
D:3:      portal_sewer_entry_c, first_bread, grunt_ministairs_3,
          grunt_qazlal_sundering

Action                   |  1- 3 |  4- 6 || total
-------------------------+-------+-------++-------
Melee: War axe           |   107 |    23 ||   130
Evoke: Deck              |     1 |       ||     1
  Eat: Chunk             |     2 |     1 ||     3
